 Dungeon Crawl Stone Soup version 0.22.0-27-ga576289 (webtiles) character file.

63 KLATTERAL the Cutter (level 3, -3/27 HPs)
             Began as a Demonspawn Gladiator on Aug 22, 2018.
             Splashed by a jelly's acid (7 damage)
             ... on level 2 of the Dungeon.
             The game lasted 00:08:36 (1680 turns).

KLATTERAL the Cutter (Demonspawn Gladiator)         Turns: 1680, Time: 00:08:39

Health: -3/27      AC:  0    Str: 14    XL:     3   Next: 87%
Magic:  3/3        EV: 13    Int:  9    God:
Gold:   139        SH:  0    Dex: 15    Spells: 2/2 levels left

rFire    . . .     SeeInvis .   a - +0 rapier
rCold    . . .     Gourm    .   (no shield)
rNeg     . . .     Faith    .   b - +0 leather armour
rPois    .         Spirit   .   c - +0 helmet
rElec    .         Reflect  .   (no cloak)
rCorr    .         Harm     .   (no gloves)
MR       .....                  (no boots)
Stlth    +.........             (no amulet)
HPRegen  0.09/turn              (no ring)
MPRegen  0.08/turn              (no ring)

@: corroded
A: claws 1
a: no special abilities


You were on level 2 of the Dungeon.
You were not hungry.

You visited 1 branch of the dungeon, and saw 2 of its levels.

You collected 139 gold pieces.

Inventory:

Hand Weapons
 a - a +0 rapier (weapon)
Missiles
 d - 2 throwing nets (quivered)
Armour
 b - a +0 leather armour (worn)
 c - a +0 helmet (worn)
Scrolls
 e - a scroll of identify
 h - a scroll of enchant armour {unknown}
 k - a scroll of teleportation {unknown}
 m - a scroll of noise {unknown}
Potions
 g - a potion of degeneration {unknown}
 i - a potion of haste {unknown}
Comestibles
 f - 5 rations
 l - 2 chunks of flesh


   Skills:
 + Level 2.2 Fighting
 + Level 3.5 Short Blades
 + Level 1.8 Throwing
 + Level 1.0 Armour
 * Level 3.2 Dodging


You had 2 spell levels left.
You didn't know any spells.
Your spell library was empty.

Dungeon Overview and Level Annotations

Branches:
Dungeon (2/15)

Altars:


Innate Abilities, Weirdness & Mutations

You have sharp fingernails.


Message History

You kill the ooze!
You hit the ooze.
The ooze is severely wounded.
The ooze closely misses you.
You puncture the ooze!
You kill the ooze!
You hit the jelly.
Your claws burn!
The jelly is lightly wounded.
The jelly hits you but does no damage.
You hit the jelly.
Your claws burn!
The jelly is moderately wounded.
The jelly hits you. The acid corrodes you!
You are splashed with acid!
The acid burns!
You hit the jelly but do no damage.
Your claws burn!
* * * LOW HITPOINT WARNING * * *
The jelly is moderately wounded.
The jelly hits you.
* * * LOW HITPOINT WARNING * * *
You are splashed with acid!
The acid burns!
You die...

>...............##.#
..##.####..#####.).###
..##.#.....(.......<.##
#....#.#############..#
###..#.######## ####
##...#.##J.....##########
#..#...##P÷P.P.'##...[..#####
#....#.##J..J.÷#J#.......##.#
#.)##..##.J...P#@#........††##
...##.###.JJ.J.#.#........)..#
#####.# #..PP..#.#'#....).)..#
# #.# #J..÷J.#.#.#.....##..# #
#.# #.PJPJP#(#.#....###..#
##.# #?÷....##.#########.##
#..# ##########..#
####.###############.......##
..........................##


You could see a jelly.

Vanquished Creatures
  An adder (D:1)
  2 oozes (D:2)
  5 leopard geckos
  A giant cockroach (D:1)
  3 goblins
  4 hobgoblins
  2 quokkas (D:2)
  3 bats
  A frilled lizard (D:2)
  11 kobolds
  10 rats
43 creatures vanquished.

Vanquished Creatures (others)
  A fungus (D:2)
  7 toadstools (D:2)
8 creatures vanquished.

Grand Total: 51 creatures vanquished

Notes
Turn   | Place    | Note
-------+----------+-------------------------------------------
     0 | D:1      | KLATTERAL the Demonspawn Gladiator began the quest for the Orb.
     0 | D:1      | Reached XP level 1. HP: 16/16 MP: 1/1
   377 | D:1      | Gained mutation: You have sharp fingernails. [demonic ancestry]
   377 | D:1      | Reached XP level 2. HP: 22/22 MP: 2/2
  1114 | D:1      | Reached skill level 1 in Armour
  1114 | D:1      | Reached XP level 3. HP: 19/27 MP: 3/3
  1680 | D:2      | Splashed by a jelly's acid

Skill      XL: |  1  2 |
---------------+-------+-----
Short Blades   | 3 |  3.5
Dodging        | 3 |  3.2
Armour         | 1 |  1.0
Fighting       | |  2.2
Throwing       | |  1.8

Action                   || total
-------------------------++-------
Melee: Rapier            ||   155
Throw: Throwing net      ||     2
  Use: Potion            ||     2
       Scroll            ||     1
 Stab: Sleeping          ||     1
  Eat: Chunk             ||     3
Armor: Leather armour    ||    37
       Skin              ||    24
Dodge: Dodged            ||   132
